 Dungeon Crawl Stone Soup version 0.30-a0-596-g0af90f9a20 (webtiles) character file.

Game seed: 15512579166928296327

34 KinGLemons the Conjurer (level 3, 19/22 HPs)
             Began as a Tengu Reaver on Jan 6, 2023.
             Quit the game on level 2 of the Dungeon.
             The game lasted 00:09:40 (1317 turns).

KinGLemons the Conjurer (Tengu Reaver)              Turns: 1317, Time: 00:09:41

Health: 19/22      AC:  8    Str: 12    XL:     3   Next: 31%
Magic:  7/7        EV:  5    Int: 13    God:
Gold:   83         SH:  0    Dex: 14    Spells: 5/6 levels left

rFire   . . .      SeeInvis .    n - +1 mace (holy)
rCold   . . .      Faith    .    (no shield)
rNeg    . . .      Spirit   .    s - +0 chain mail
rPois   .          Reflect  .    (helmet restricted)
rElec   .          Harm     .    (no cloak)
rCorr   .          Rampage  .    (no gloves)
Will    .....                    (boots unavailable) Stlth
                                 (no amulet)
HPRegen 0.23/turn                (no ring)
MPRegen 0.10/turn                (no ring)

@: no status effects
A: beak, talons 3
a: no special abilities


You were on level 2 of the Dungeon.
You visited 1 branch of the dungeon, and saw 2 of its levels.

You collected 83 gold pieces.

Inventory:

Hand Weapons
 a - a +0 falchion
 c - a +0 club
 i - a +0 dagger
 j - a +0 short sword
 k - a +0 dagger
 m - a +0 hand axe
 n - a +1 mace of holy wrath (weapon)
 o - a +0 dagger
 p - a +0 short sword
 q - a +0 sling
Missiles
 e - 7 stones
Armour
 b - a +0 leather armour
 d - a +0 robe
 s - a +0 chain mail (worn)
 u - the +2 hat of the Bear Spirit {Spirit, *Rage Will++}
   (You found it on level 2 of the Dungeon)

   Going berserk makes the wearer tougher, and they're slowed less afterward.
   *Rage:     It berserks you when you make melee attacks (+20% chance).
   Will:      It greatly increases your willpower.
 v - a +0 kite shield
Wands
 w - a wand of flame (26)
Scrolls
 g - a scroll of amnesia
 t - a scroll of fog
Potions
 f - a potion of mutation {unknown}
 h - a potion of berserk rage {unknown}
 l - 2 potions of degeneration {unknown}
 r - a potion of curing {unknown}


   Skills:
 + Level 2.3 Fighting
 + Level 3.7 Long Blades
 + Level 0.2 Maces & Flails
 + Level 0.7 Armour
 + Level 2.2 Dodging
 + Level 2.1 Spellcasting
 + Level 4.5 Conjurations


You had 5 spell levels left.
You knew the following spells:

 Your Spells              Type           Power      Damage    Failure   Level
a - Kiss of Death         Conj/Necr      28%        2d7       99%         1

Your spell library contained the following spells:

 Spells                   Type           Power      Damage    Failure   Level
 Summon Small Mammal      Summ           4%         N/A       100%        1
 Momentum Strike          Conj/Tloc      14%        3d8       100%        2
 Call Canine Familiar     Summ           1%         N/A       100%        3
 Hailstorm                Conj/Ice       7%         3d4       100%        3
 Summon Guardian Golem    Hex/Summ       1%         N/A       100%        3


Dungeon Overview and Level Annotations

Branches:
Dungeon (2/15)

Altars:


Innate Abilities, Weirdness & Mutations

You have a beak for a mouth.
You have claws for feet.


Message History

Your body is wracked with pain!
It was a scroll of torment.
l - 2 cyan potions (gained 1)
There are no items here.
t - a scroll of fog
Found the +2 hat of the Bear Spirit {Spirit, *Rage Will++}.
Found 12 gold pieces and a short silver wand.
You see here the +2 hat of the Bear Spirit {Spirit, *Rage Will++}.
u - the +2 hat of the Bear Spirit {Spirit, *Rage Will++} A frilled lizard comes into view.
Found a kite shield and 10 gold pieces.
The frilled lizard bites you but does no damage.
You sock the frilled lizard!
You kill the frilled lizard!
You see here a frilled lizard corpse.
An adder comes into view.
The adder hisses angrily.
You miss the adder.
The adder bites you but does no damage. x2
You closely miss the adder. The adder bites you but does no damage.
The adder barely misses you.
You hit the adder. Your kick misses the adder. Your peck misses the adder.
The adder is heavily wounded.
The adder bites you but does no damage. x2
You barely miss the adder.
The adder is heavily wounded.
The adder bites you. x2
You miss the adder. Your kick misses the adder. You peck the adder.
The adder is almost dead.
The adder bites you but does no damage.
You hit the adder.
You kill the adder!
You now have 73 gold pieces (gained 12).
You see here a +0 kite shield.
v - a +0 kite shield
w - a wand of flame (26)
There are no items here.
You now have 83 gold pieces (gained 10).
There are no items here.
Unknown command.
Unknown command.
Are you sure you want to abandon this character and quit the game? (Confirm with "yes".)

# .# .# #######.###
#.@#.#....###
#............
##.##.##.####
##..#...#...#
#.....#...#..
##..†#...#...##
#....##.##...... .#
#.#..........### ..
#....#.#.#...####..#


There were no monsters in sight!

Vanquished Creatures
  An adder (D:2)
  A worm (D:2)
  A bat (D:1)
  A giant cockroach (D:1)
  4 goblins
  A hobgoblin (D:1)
  3 jackals (D:1)
  A kobold (D:1)
  A quokka (D:1)
  A ball python (D:1)
  2 frilled lizards
  3 rats
20 creatures vanquished.

Notes
Turn   | Place    | Note
-------+----------+-------------------------------------------
     0 | D:1      | KinGLemons the Tengu Reaver began the quest for the Orb.
     0 | D:1      | Reached XP level 1. HP: 12/12 MP: 4/4
   497 | D:1      | Reached XP level 2. HP: 15/17 MP: 6/6
  1248 | D:2      | Reached XP level 3. HP: 9/21 MP: 7/7
  1278 | D:2      | Found the +2 hat of the Bear Spirit {Spirit, *Rage Will++}
  1317 | D:2      | Quit the game

Illustrated notes

Levels and vault maps discovered:
D:1:      kilobyte_arrival_exit_the_forest, layout_loops_corners
D:2:      layout_loops_cross, hellmonk_ecumenical_altar_run_dry,
          minmay_tromino_v4_b

Action                   || total
-------------------------++-------
Melee: Falchion          ||    21
       Peck              ||     5
       Kick              ||     4
       Mace              ||    24
  Use: Scroll            ||     4
Armor: Leather armour    ||    12
       Chain mail        ||     7
Dodge: Dodged            ||    27

Table legend: (Time is in decaauts)
 A = Elapsed time spent in this place.
 B = Non-inter-level travel time spent in this place.
 C = Inter-level travel time spent in this place.
 D = Time resting spent in this place.
 E = Time spent auto-exploring this place.
 F = Levels seen in this place.
 G = Mean time per level.
                   A        B        C        D        E       F      G
               +--------+--------+--------+--------+--------+-----+--------+
         Total |   1333 |   1305 |     28 |    100 |      0 |   2 |  666.5 |
       Dungeon |   1333 |   1305 |     28 |    100 |      0 |   2 |  666.5 |
               +--------+--------+--------+--------+--------+-----+--------+

Top non-repeatable levels by time:
     D:1: 1216 daAuts
     D:2: 116 daAuts
